 Dungeon Crawl Stone Soup version bcrawl-1.19.1 (webtiles) character file.

Game seed: 16033921472241089477

25 Anathary the Grave Robber (level 2, 0/19 HPs)
             Began as a Vampire Necromancer on Dec 12, 2019.
             Succumbed to a kobold's poison
             ... on level 2 of the Dungeon.
             The game lasted 00:08:34 (1404 turns).

Anathary the Grave Robber (Vampire Necromancer)     Turns: 1404, Time: 00:08:34

Health: 0/19       AC:  5    Str: 15 (16) XL:     2   Next: 86%
Magic:  5/5        EV: 18    Int: 14 (15) God:
Gold:   108        SH:  0    Dex: 16 (18) Spells: 3/5 levels left

rFire    . . .     SeeInvis +   a - +0 dagger
rCold    . . .     Gourm    .   (no shield)
rNeg     + . .     Faith    .   b - +0 robe
rPois    .         Spirit   .   (no helmet)
rElec    .         Reflect  .   (no cloak)
rCorr    .         Harm     .   (no gloves)
MR       .....                  (no boots)
Stlth    +++++.....             (no amulet)
HPRegen  0.06/turn              g - +3 ring of protection
MPRegen  0.09/turn              (no ring)

@: mighty, agile, lethally poisoned (0 -> -3), berserk cooldown, slowed, very
slow
A: claws 1, fangs 3, see invisible, unbreathing
a: no special abilities


You were on level 2 of the Dungeon.
You were not thirsty.

You visited 1 branch of the dungeon, and saw 2 of its levels.

You collected 108 gold pieces.

Inventory:

Hand Weapons
 a - a +0 dagger (weapon)
Armour
 b - a +0 robe (worn)
Jewellery
 g - a +3 ring of protection (left claw)
Scrolls
 c - 3 scrolls of remove curse {unknown}
 h - 3 scrolls of teleportation {unknown}
 k - a scroll of enchant weapon {unknown}
 l - a scroll of identify {unknown}
Potions
 d - a potion of blood


   Skills:
 + Level 0.4 Short Blades
 + Level 2.2 Dodging
 + Level 3.8 Stealth
 + Level 2.2 Spellcasting
 + Level 4.9 Necromancy


You had 3 spell levels left.
You knew the following spells:

 Your Spells              Type           Power        Failure   Level  Hunger
a - Pain                  Necr           ###...       3%          1    #......
b - Animate Skeleton      Necr           N/A          3%          1    #......

Your spell library contained the following spells:

 Spells                   Type           Power        Failure   Level  Hunger
 Vampiric Draining        Necr           ###.......   9%          3    ###....
 Regeneration             Chrm/Necr      #.........   26%         3    ###....
 Animate Dead             Necr           N/A          30%         4    #####..
 Bolt of Draining         Conj/Necr      #.........   93%         5    ######.


Dungeon Overview and Level Annotations

Branches:
Dungeon (2/12)

Altars:


Innate Abilities, Weirdness & Mutations

You have sharp fingernails.
You have razor-sharp teeth.
You have supernaturally acute eyesight. (SInv)
You can survive without breathing.


Message History

It was a potion of degeneration.
There was something very wrong with that liquid.
You feel weakened.
You feel dopey.
You feel clumsy.
It was a potion of berserk rage.
A red film seems to cover your vision as you go berserk!
You feel yourself moving faster!
You feel mighty!
You feel a strong urge to attack something.
* * * LOW HITPOINT WARNING * * *
You feel sick.
You see here a potion of degeneration.
You feel your anger nearly subside.
You are no longer berserk.
You are exhausted.
You feel yourself slow down.
* * * LOW HITPOINT WARNING * * *
You feel sick.
Yummy - fresh blood!
Yummy - fresh blood!
Yummy - fresh blood!
You die...

♣.♣ ♣.♣ ♣.♣ ♣.♣ #.#
#.# ########## ##.##
#........#
##..@######.##.....#
#.!Z...............#
##...#.............#
##)##.####.##.....##
....... ...##.......
#.##.#.###..####>.###
#. #...........#..# ♣
......#..##.#>.#
##.###.#..##.#..###


You could see a friendly jackal skeleton.

Vanquished Creatures
  An ooze (D:1)
  A leopard gecko (D:2)
  A giant cockroach (D:1)
  A goblin (D:1)
  3 hobgoblins
  3 jackals (D:2)
  2 quokkas (D:2)
  A bat (D:1)
  2 frilled lizards (D:2)
  A kobold (D:2)
  2 rats (D:1)
18 creatures vanquished.

Vanquished Creatures (collateral kills)
  A hobgoblin (D:2)
  A frilled lizard (D:1)
2 creatures vanquished.

Grand Total: 20 creatures vanquished

Notes
Turn   | Place    | Note
-------+----------+-------------------------------------------
     0 | D:1      | Anathary the Vampire Necromancer began the quest for the
                  | Orb.
     0 | D:1      | Reached XP level 1. HP: 13/13 MP: 3/3
   107 | D:1      | Learned a level 1 spell: Animate Skeleton
   409 | D:1      | Reached XP level 2. HP: 6/19 MP: 0/5
  1404 | D:2      | Succumbed to a kobold's poison

Action                   || total
-------------------------++-------
Melee: Dagger            ||    39
       Bite              ||     2
 Cast: Pain              ||    19
       Animate Skeleton  ||     4
  Use: Potion            ||     9
 Stab: Sleeping          ||     3
Armor: Robe              ||    12
Dodge: Dodged            ||    27
